 Dungeon Crawl Stone Soup version 0.31.0-11-ge490571c62 (webtiles) character file.

Game seed: 17967495918491440586

742 bearlyready the Ruffian (level 7, -4/41 (43) HPs)
             Began as an Octopode Shapeshifter on Feb 7, 2024.
             Slain by a wight
             ... wielding a +4 dagger of freezing
              (5 damage)
             ... on level 6 of the Dungeon.
             The game lasted 00:10:18 (3948 turns).

bearlyready the Ruffian (Octopode Shapeshifter)     Turns: 3948, Time: 00:10:19

HP:   -4/41 (43)    AC:  1    Str: 16    XL:     7   Next: 76%
MP:   7/7           EV: 13    Int: 12    God:
Gold: 176           SH:  0    Dex: 11    Spells: 6/6 levels left

rFire   . .          .
                       - Unarmed
rCold   . . .        (no shield)
rNeg    . . .        (helmet currently unavailable)
rPois   .            (no amulet)
rElec   .            (no ring)
rCorr   .            (no ring)
SInv    .            (no ring)
Will    .....        (no ring)
Stlth   ++           (no ring)
HPRegen 0.26/turn    (no ring)
MPRegen 0.10/turn    (no ring)
                     (no ring)

%: no passive effects
@: mighty, beast-form, lightly drained
A: beast (slay +3), almost no armour, amphibious, 8 rings, camouflage 1,
gelatinous body 1, (nimble swimmer 1), tentacles
a: Begin Untransformation


You were on level 6 of the Dungeon.
You were a hulking beast.
You visited 1 branch of the dungeon, and saw 6 of its levels.

You collected 176 gold pieces.

Inventory:

Missiles
 g - 23 stones (quivered)
 h - 3 poisoned darts
Jewellery
 e - an amulet of the acrobat
 v - a ring of wizardry
Talismans
 b - a beast talisman
 c - a flux talisman
 i - a blade talisman
Scrolls
 d - a scroll of fear {unknown}
 j - 3 scrolls of identify {unknown}
 k - a scroll of teleportation {unknown}
 w - a scroll of silence {unknown}
 x - a scroll of immolation {unknown}
Potions
 a - 2 potions of lignification
 f - a potion of attraction {unknown}
 l - 2 potions of degeneration {unknown}
 n - 3 potions of curing {unknown}
 o - a potion of cancellation {unknown}
 p - a potion of might
 q - a potion of heal wounds {unknown}
 t - a potion of ambrosia {unknown}
 u - a potion of magic {unknown}


   Skills:
 - Level 1.0 Fighting
 - Level 2.0 Dodging
 + Level 6.6 Unarmed Combat
 + Level 6.1 Shapeshifting


You had 6 spell levels left.
You didn't know any spells.
Your spell library contained the following spells:

 Spells                   Type           Power      Damage    Failure   Level
 Magic Dart               Conj           0%         1d3       32%         1
 Shock                    Conj/Air       0%         1d3       32%         1
 Summon Small Mammal      Summ           0%         N/A       32%         1
 Searing Ray              Conj           0%         2d4       45%         2
 Static Discharge         Conj/Air       0%         3-3/arc   45%         2
 Call Canine Familiar     Summ           0%         N/A       69%         3
 Gell's Gravitas          Tloc           0%         N/A       69%         3
 Inner Flame              Hex/Fire       0%         N/A       69%         3
 Sigil of Binding         Hex            0%         N/A       69%         3
 Swiftness                Air            0%         N/A       69%         3
 Teleport Other           Tloc           0%         N/A       69%         3
 Airstrike                Air            0%         2d(0-16)  97%         4
 Dimensional Bullseye     Hex/Tloc       0%         N/A       97%         4
 Fulminant Prism          Conj/Alch      0%         3d5       97%         4
 Summon Blazeheart Golem  Fire/Summ      0%         N/A       97%         4
 Summon Lightning Spire   Summ/Air       0%         N/A       97%         4
 Irradiate                Conj/Alch      0%         3d11      100%        5
 Dispersal                Tloc           0%         N/A       100%        6
 Ignition                 Fire           0%         3d3       100%        8


Dungeon Overview and Level Annotations

Branches:
Dungeon (6/15)
 Temple: D:4-7

Altars:
Uskayaw
Vehumet

Shops:
D:4 [

Annotations:
D:2 1 runed translucent door, Crazy Yiuf


Innate Abilities, Weirdness & Mutations

You are a hulking beast.
Your limbs bulge with bestial killing power. (Slay +3)
You cannot wear most types of armour.
You are amphibious.
You can wear up to eight rings at the same time.
Your skin changes colour to match your surroundings (Stealth+).
Your rubbery body absorbs attacks. (AC +1, EV +1)
((You are camouflaged when in or above water. (Stealth+)))
You have tentacles for arms and can constrict up to eight enemies at once.


Message History

You hear the sound of rushing water.
There is an entrance to a sewer on this level.
Hurry and find it before the portal rusts away!
There is a stone staircase leading up here.
You hear the slow rusting of a very distant drain.
HP restored.
You open the door.
There is an open door here.
A wight comes into view.
It is wielding a +3 scimitar of freezing and wearing a +0 robe of positive energy.
A wight comes into view. It is wielding a +3 long sword.
There are monsters nearby!
There is an open door here.
A wight comes into view. It is wielding a +4 dagger of freezing.
A wight comes into view. It is wielding a +0 halberd.
A wight opens the door.
A wight comes into view. It is wielding a +3 flail of freezing.
There is a stone staircase leading up here.
You tentacle-slap the wight. Your grab misses the wight.
Your squeeze misses the wight.
The wight is lightly damaged.
The wight hits you with a +3 long sword!
Okay, then.
As you read the scroll labelled WEEWIA XERYR, it crumbles to dust.
You feel aware of your surroundings.
You sensed 1 altar, and 1 shop/portal.
It was a scroll of revelation.
The wight hits you with a +3 long sword!
You feel drained.
Found 27 gold pieces.
As you read the scroll labelled EMEIRHUISI, it crumbles to dust.
It is a scroll of enchant weapon.
You aren't carrying any weapons that can be enchanted.
The wight hits you with a +3 long sword!
* * * LOW HITPOINT WARNING * * *
It was a potion of might.
You feel very mighty all of a sudden.
The wight hits you with a +4 dagger of freezing!
* * * LOW HITPOINT WARNING * * *
You feel drained.
* * * LOW HITPOINT WARNING * * *
The wight freezes you.
You die...

*,,,,......##,,******
####...........#..,,,,,*
####...........'..,,,,,*
####..............,,,,,,
####....##z...8...,,,,,,
##########zz..#*****+++*
####.....'....#,,,,,,,,,
####...zz#....#,,,,*****
####...h####+##,***,,,,,
####....##....#,*8*,,8,,
####..........#,,,,,,,,,
####..........#8,,,,,_,,
####...###....#*********
######+###....#*,,,*,,,,
####.$.#.......+,,,+,,,,
####..$#......#*,,***,,*
*,,,****+****,,***,,*


You could see 5 wights.

Vanquished Creatures
  A phantom (D:4)
  2 scorpions (D:5)
  A gnoll sergeant (D:4)
  A water moccasin skeleton (D:4)
  A centaur zombie (D:4)
  A bullfrog skeleton (D:4)
  A jelly (D:4)
  An orc priest (D:4)
  An iguana (D:4)
  An orc wizard (D:4)
  2 scorpion zombies (D:4)
  A hound zombie (D:4)
  7 gnolls
  4 adders
  A white imp (D:5)
  An adder zombie (D:4)
  An adder skeleton (D:4)
  2 dart slugs
  4 orcs
  4 bats
  8 endoplasms
  2 giant cockroaches
  5 goblins
  8 hobgoblins
  4 jackals (D:1)
  3 quokkas
  7 ball pythons
  3 frilled lizards
  8 kobolds
  7 rats
93 creatures vanquished.

Notes
Turn   | Place    | Note
-------+----------+-------------------------------------------
     0 | D:1      | bearlyready the Octopode Shapeshifter began the quest for
                  | the Orb.
     0 | D:1      | Reached XP level 1. HP: 13/13 MP: 1/1
    85 | D:1      | Found a faded altar of an unknown god.
   126 | D:1      | Reached XP level 2. HP: 17/18 MP: 2/2
   271 | D:1      | Reached XP level 3. HP: 18/23 MP: 3/3
   998 | D:2      | Found a runed translucent door.
   999 | D:2      | Noticed Crazy Yiuf
  1078 | D:2      | Reached XP level 4. HP: 27/28 MP: 4/4
  1198 | D:2      | Found a radiant altar of Vehumet.
  2146 | D:4      | Reached XP level 5. HP: 28/33 MP: 5/5
  2367 | D:4      | Found a radiant altar of Vehumet.
  2370 | D:4      | Found a hide-covered altar of Uskayaw.
  2466 | D:4      | Found Kuckon's Armour Shop.
  2672 | D:4      | Reached skill level 5 in Unarmed Combat
  2672 | D:4      | Reached XP level 6. HP: 36/38 MP: 6/6
  2871 | D:4      | Reached skill level 5 in Shapeshifting
  3204 | D:4      | Reached XP level 7. HP: 43/43 MP: 7/7
  3711 | D:5      | Entered Level 5 of the Dungeon
  3948 | D:6      | HP: 1/41 [wight/+4 dagger of freezing (2)]
  3948 | D:6      | Slain by a wight

Illustrated notes

Levels and vault maps discovered:
D:1:      minmay_arrival_stair_chambers, layout_basic,
          ebering_ecumenical_altar_sacrificial, hex_tiny, minmay_door_square
D:2:      layout_rooms, basic_altar, uniq_crazy_yiuf_cottage
D:3:      layout_basic
D:4:      layout_gridville, nicolae_overflow_squiral, serial_undead,
          serial_undead_e, serial_undead_a, serial_undead_b, serial_undead_d,
          serial_undead_d, serial_shops, nicolae_lakefront_shop,
          lightli_minifort
D:5:      layout_cave_pools, lemuel_tele_altar, minmay_temple_entry_sparse_star,
          serial_glass, glass_columns_a, glass_columns_c, glass_columns_a,
          glass_columns_a, glass_columns_a, glass_columns_c, glass_columns_a,
          glass_columns_c, patterned_corridor, uniq_ijyb
D:6:      layout_gridville, gup_sewer_entry_glass, biasface_ghost_orc_armoury,
          uniq_sigmund, uniq_duvessa

Skill      XL: |  1  2  3  4  5  6  7 |
---------------+----------------------+-----
Unarmed Combat | 4 5 6 |  6.6
Shapeshifting  | 4 5 6 |  6.1
Fighting       | |  1.0
Dodging        | |  2.0

Action                     |  1- 3 |  4- 6 |  7- 9 || total
---------------------------+-------+-------+-------++-------
  Melee: Unarmed           |    55 |   103 |    32 ||   190
         Tentacles         |    11 |    19 |    11 ||    41
         Constrict         |    11 |    23 |     9 ||    43
         Punch             |     2 |     1 |       ||     3
    Use: Scroll            |       |     1 |     3 ||     4
         Potion            |       |     1 |     1 ||     2
   Stab: Sleeping          |     8 |     7 |     4 ||    19
 Armour: Skin              |    19 |    41 |    23 ||    83
  Dodge: Dodged            |    25 |    55 |    13 ||    93
